[Event "35th Roquetas Festival 2024"]
[Site "Roquetas de Mar"]
[Date "2024.01.04"]
[Round "4.6"]
[White "Camacho Collados, Jose"]
[Black "Bernadskiy, Vitaliy"]
[Result "0-1"]
[ECO "A40"]
[WhiteElo "2381"]
[BlackElo "2566"]
[Annotator "TA"]
[PlyCount "90"]
[EventDate "2024.01.02"]
[EventType "swiss"]
[EventCountry "ESP"]
[SourceTitle "playchess.com"]
[Source "ChessBase"]
[SourceQuality "1"]
[TimeControl "5400+30"]

1. d4 e6 2. Nf3 c5 3. c3 d5 4. Bg5 Qb6 5. Qb3 h6 {[%emt 0:01:59] Threatens to win with ...Qxb3.} 6. Bf4 {[%emt 0:04:23] [#] D02: 1 d4 d5 2 Nf3 sidelines, including 2...Nf6 3 g3 and 2...Nf6 3 Bf4.} Nf6 $146 ({Predecessor:} 6... Nc6 7. e3 Nf6 8. Nbd2 c4 9. Qc2 Nh5 10. Bg3 Nxg3 11. hxg3 Qc7 12. e4 b5 {0-1 Jenni,F (2521)-Volkov,S (2628) Champions Challenge 178th blitz 2006 (2.4)}) 7. h3 Be7 8. e3 {[%emt 0:01:29] The position is equal.} O-O 9. Nbd2 Nc6 10. Be2 Qd8 11. O-O b6 12. Ne5 Bb7 13. Qa4 Nxe5 14. Bxe5 a6 15. Qc2 Nd7 16. Bh2 b5 17. f4 Rc8 18. Nf3 cxd4 19. exd4 b4 20. Ne5 Nf6 21. f5 exf5 22. Rxf5 bxc3 23. bxc3 Ne4 24. Raf1 Bf6 $36 {[%emt 0:04:08][%mdl 2048] Black has some pressure.} 25. R1f3 (25. Qb2 $11 {remains equal.} Qe7 26. Bd3 Bxe5 27. Rxe5) 25... Bxe5 $17 26. Bxe5 f6 27. Qb2 {[%emt 0:05:01] Prevents Qb6} Qd7 28. Bg3 (28. Bh2 $17) 28... Nxg3 $19 {[%emt 0:02:41][%mdl 64] [#] Deflection} 29. Rxg3 Qxf5 30. Qxb7 Rf7 31. Qxa6 Rb8 (31... Re7 $19 32. Kh2 Rd8) 32. Bd3 Qd7 ({Much worse is} 32... Qf4 $6 33. Rf3 Qc7 34. Qe6 $11) 33. a4 Qc7 34. Re3 Re7 {[%emt 0:00:20] Dodges Qe6+} (34... Qxc3 $2 35. Bh7+ Kxh7 36. Rxc3 $18) 35. Re6 Rbe8 (35... Kf7 $19 36. Rxe7+ Qxe7) 36. Qc6 {[%emt 0:02:55] Black must now prevent Qxc7.} Kf8 {[%emt 0:04:47] Hoping for ...Qg3.} 37. Bg6 Rd8 (37... Qxc6 {simplifies} 38. Rxc6 Ra8 39. Rc5 Rb7) 38. Qa6 {[%emt 0:00:17] Now White is beyond hope.} (38. a5 $17) 38... Qxc3 39. Rxf6+ Kg8 $1 40. Qb6 {[%emt 0:00:35] [#]} (40. Rf1) 40... Qe3+ $1 41. Kh1 gxf6 42. Qxd8+ Kg7 {[%emt 0:00:03] ( -> ...Qc1+)} 43. Bh5 Qc1+ {[%emt 0:00:06] Black mates.} 44. Kh2 Qf4+ 45. g3 Qf2+ {[%emt 0:00:04] An entertaining game by Bernadskiy.   Weighted Error Value: White=0.52/Black=0.08 (flawless)} 0-1

[Event "35th Roquetas Festival 2024"]
[Site "Roquetas de Mar"]
[Date "2024.01.04"]
[Round "4.7"]
[White "Fiorito, Francisco"]
[Black "Stremavicius, Titas"]
[Result "1/2-1/2"]
[ECO "A06"]
[WhiteElo "2370"]
[BlackElo "2543"]
[Annotator "TA"]
[PlyCount "56"]
[EventDate "2024.01.02"]
[EventType "swiss"]
[EventCountry "ESP"]
[SourceTitle "playchess.com"]
[Source "ChessBase"]
[SourceQuality "1"]
[TimeControl "5400+30"]

1. Nf3 d5 2. b3 Nf6 3. Bb2 e6 4. e3 Nbd7 5. d4 b6 6. Bd3 Bb7 7. O-O Bd6 8. Nbd2 O-O 9. c4 $1 {[%emt 0:01:25][%mdl 4] is recently more successful than 9.Ne5.} Re8 {[%emt 0:06:09] E14: Queen's Indian: Classical Variation (4 e3).} 10. Ne5 Ne4 {[%emt 0:08:29] [#]} 11. Bxe4 $146 (11. f4 {feels hotter.} Ndf6 12. Rc1 a5 13. Nxe4 Nxe4 14. Qh5) ({Predecessor:} 11. Nxd7 Qxd7 12. f3 Nxd2 13. Qxd2 Rad8 14. Rac1 dxc4 15. Bxc4 c5 16. Qe2 Qe7 17. Rfd1 {1-0 Villalba Pons,G (1451)-Lozano Casasayas,M (1979) Catalan-ch U10/20 2022 (2)}) 11... dxe4 12. Nxd7 Qxd7 13. Qc2 f5 14. c5 Be7 15. Rfc1 {[%emt 0:04:18] Strongly threatening c6.} Bd5 16. a4 Reb8 17. cxb6 cxb6 18. Nc4 Rc8 19. Qe2 Bf6 20. Rc3 {[%emt 0:05:26] The position is equal.} Rc6 21. Rac1 Rac8 22. Qd2 R8c7 23. h3 Qc8 24. Nd6 {[%emt 0:01:11][%mdl 64] [#] Deflection} Qd7 25. Nc4 Qc8 26. Nd6 {[%emt 0:00:04][%mdl 64] Deflection} Qd7 27. Nc4 Qc8 28. Nd6 {[%emt 0:00:04][%mdl 64] [#] Deflection} Qd7 {[%emt 0:00:05] Weighted Error Value: White=0.03 (flawless) /Black=0.05 (flawless)} 1/2-1/2

[Event "35th Roquetas Festival 2024"]
[Site "Roquetas de Mar"]
[Date "2024.01.04"]
[Round "4.8"]
[White "Vergara Anton, Diego"]
[Black "Cuenca Jimenez, Jose Fernando"]
[Result "1-0"]
[ECO "D02"]
[WhiteElo "2346"]
[BlackElo "2514"]
[Annotator "TA"]
[PlyCount "66"]
[EventDate "2024.01.02"]
[EventType "swiss"]
[EventCountry "ESP"]
[SourceTitle "playchess.com"]
[Source "ChessBase"]
[SourceQuality "1"]
[TimeControl "5400+30"]

1. d4 d5 2. Nf3 Nf6 3. g3 c5 4. Bg2 cxd4 5. O-O Bd7 6. b3 {[%emt 0:02:14][%cal Oc1b2] D02: 1 d4 d5 2 Nf3 sidelines, including 2...Nf6 3 g3 and 2...Nf6 3 Bf4.} Nc6 7. Nxd4 e5 8. Nxc6 {[%emt 0:01:07] The position is equal.} Bxc6 9. e3 Bc5 10. Bb2 Qc7 {[%emt 0:04:13] [#]} 11. c4 $146 ({Predecessor:} 11. Nd2 O-O {½-½ Iliaguev,N (2338)-Baron,T (2532) ISR-ch Maalot Tarshiha 2018 (8)}) 11... dxc4 12. Bxc6+ Qxc6 13. Bxe5 ({White should play} 13. Nd2 $11) 13... Rd8 $15 14. Qe2 {[%emt 0:02:07] White is weak on the light squares} cxb3 (14... Ne4 $1 $15 15. Qg4 f6 16. Qxg7 Rf8) 15. axb3 {[%emt 0:00:10] Rc1 is the strong threat.} (15. Bxf6 {seems wilder.} Qxf6 16. Qb5+ Rd7 17. Nc3) 15... O-O 16. Bxf6 Qxf6 17. Ra2 a6 18. Rc1 Qb6 19. Nd2 Bb4 20. Nc4 Qe6 21. Ra4 Qe7 22. Raa1 (22. Ne5 {keeps more tension.} Rd2 23. Qf1 a5 24. Nf3) 22... Rd7 23. Qf3 Rd3 24. Rab1 (24. Nb6 $11 {keeps the balance.}) 24... Rfd8 (24... b5 $1 $17 25. Nb6 Rfd8) 25. Qf4 h6 26. Qe5 R8d5 27. Qb8+ {[%emt 0:02:48] [#]} (27. Qxe7 $15 Bxe7 28. Kg2) 27... Rd8 ({Better is} 27... Kh7 $1 $17 28. Qf4 Qe6) 28. Qe5 R8d5 (28... Qd7 $15 29. Nb6 Qd6 30. Qxd6 R8xd6) 29. Qb8+ $17 {[%emt 0:00:02] [#]} Kh7 $1 {[%emt 0:00:02] Strongly threatening ...b5.} 30. Qf4 Qg5 (30... Qe6 $17 {And now ...g5 would win.} 31. Ne5 Rxe5 32. Qxb4 Rb5) 31. Qxf7 Rd7 (31... b5 $1 $15 32. Nb2 Rd2) 32. Qf3 {[%emt 0:01:28] Qe4+ would be deadly.} Qd5 {[%emt 0:00:29] Repels Qe4+} 33. Qg4 {[%emt 0:01:42] Threatens to win with Nb6.} Qg8 $2 {[%emt 0:01:05][%mdl 8192] Weighted Error Value: White=0.20 (precise) /Black=0.30} (33... Bc5 $11) 1-0

[Event "35th Roquetas Festival 2024"]
[Site "Roquetas de Mar"]
[Date "2024.01.04"]
[Round "4.9"]
[White "Schenderowitsch, Michael"]
[Black "Fiorito, Joaquin"]
[Result "1/2-1/2"]
[ECO "D38"]
[WhiteElo "2281"]
[BlackElo "2401"]
[Annotator "RC"]
[PlyCount "95"]
[EventDate "2024.01.02"]
[EventType "swiss"]
[EventCountry "ESP"]
[SourceTitle "playchess.com"]
[Source "ChessBase"]
[SourceQuality "1"]
[TimeControl "5400+30"]

1. d4 Nf6 2. c4 e6 3. Nf3 d5 4. Nc3 Bb4 5. Qa4+ Nc6 6. e3 O-O 7. Bd2 Re8 8. Qc2 h6 9. a3 Bf8 10. Be2 dxc4 11. Bxc4 Bd6 12. O-O e5 13. dxe5 Nxe5 14. Nxe5 Bxe5 15. f4 Bxc3 16. Bxc3 Be6 17. Rad1 Qe7 18. Bxe6 Qxe6 19. Bxf6 Qxf6 20. Qxc7 Qxb2 21. Rd7 Rxe3 22. Rxf7 b5 23. Qd7 Rae8 24. Qd5 Kh8 25. Qc5 Qxa3 26. Qxa7 Qc3 27. Qa1 b4 28. Qxc3 Rxc3 29. f5 Rb8 30. f6 gxf6 31. R7xf6 Kg7 32. Rf7+ Kg8 33. Rd7 Rc6 34. Rff7 Rg6 35. Rb7 Re8 36. Rf4 Rc6 37. Rbxb4 Re1+ 38. Kf2 Rd1 39. Rb2 Rd7 40. Re2 Rf7 41. Rxf7 Kxf7 42. g4 Rc3 43. Re3 Rc5 44. Kg3 h5 45. h3 hxg4 46. hxg4 Kg6 47. Rf3 Kg5 48. Rf5+ 1/2-1/2

[Event "35th Roquetas Festival 2024"]
[Site "Roquetas de Mar"]
[Date "2024.01.04"]
[Round "4.10"]
[White "Tejedor Fuente, Enrique"]
[Black "Fiorito, Fabian"]
[Result "1-0"]
[ECO "C10"]
[WhiteElo "2395"]
[BlackElo "2274"]
[Annotator "RC"]
[PlyCount "65"]
[EventDate "2024.01.02"]
[EventType "swiss"]
[EventCountry "ESP"]
[SourceTitle "playchess.com"]
[Source "ChessBase"]
[SourceQuality "1"]
[TimeControl "5400+30"]

1. e4 e6 2. d4 d5 3. Nd2 dxe4 4. Nxe4 Nd7 5. Bd3 Ngf6 6. Qe2 c5 7. Nxc5 Nxc5 8. dxc5 Bxc5 9. Nf3 O-O 10. Bg5 h6 11. Bh4 Qa5+ 12. c3 Nd5 13. O-O Bd6 14. Bg3 Bxg3 15. hxg3 Nf6 16. Ne5 Qc7 17. g4 Nd7 18. f4 Nxe5 19. fxe5 Qe7 20. Qe4 f5 21. exf6 gxf6 22. Rae1 e5 23. Rf3 Be6 24. Rh3 Qg7 25. Qe3 Rfd8 26. Bf5 Bxf5 27. gxf5 Kh7 28. Rg3 Qf8 29. Rg6 Rd7 30. Qh3 Rad8 31. Re4 Rd1+ 32. Kh2 R1d3 33. Qh5 1-0

[Event "35th Roquetas Festival 2024"]
[Site "Roquetas de Mar"]
[Date "2024.01.04"]
[Round "4.11"]
[White "Peng, Li Min"]
[Black "Rodriguez Garcia, Manuel Francisco"]
[Result "1-0"]
[ECO "D53"]
[WhiteElo "2575"]
[BlackElo "2130"]
[Annotator "TA"]
[PlyCount "91"]
[EventDate "2024.01.02"]
[EventType "swiss"]
[EventCountry "ESP"]
[SourceTitle "playchess.com"]
[Source "ChessBase"]
[SourceQuality "1"]
[TimeControl "5400+30"]

1. d4 Nf6 2. c4 e6 3. Nc3 d5 4. Bg5 Be7 5. e3 h6 6. Bh4 O-O 7. Qc2 c6 8. Nf3 Nbd7 9. O-O-O dxc4 10. Bxc4 b5 11. Bd3 b4 {[%emt 0:03:26] [#] D61: Queen's Gambit Declined: Classical: 7 Qc2.} (11... Bb7 $15) 12. Na4 $146 ({Predecessor:} 12. Ne4 Nxe4 13. Bxe7 Qxe7 14. Bxe4 Nf6 15. g4 Nxe4 16. Qxe4 Ba6 17. h4 c5 18. g5 cxd4 19. Rxd4 {1-0 Couspeyre,T (1340)-Molina,V (763) RF-2016-0-00341}) 12... Qa5 13. Kb1 (13. Qxc6 Rb8 14. Qc2 Bb7 $17) 13... c5 {[%emt 0:25:32][%cal Oc5c4] The position is equal.} 14. Bxf6 (14. Ne5 {keeps more tension.} Nxe5 15. dxe5 c4 16. exf6 cxd3 17. Qc6) 14... gxf6 15. Rc1 Bb7 $1 16. b3 (16. Nxc5 $11 Bxc5 17. dxc5) 16... Rac8 17. Qe2 f5 18. Rhg1 cxd4 19. Rxc8 Rxc8 (19... Bxc8 20. exd4 h5 21. h3 $14) 20. g4 {[%emt 0:00:13] [#]} (20. Nxd4 $142 Nf6 21. g3) 20... Kf8 $2 (20... fxg4 $1 $17 {...dxe3 is the strong threat.} 21. Rxg4+ Kf8 22. exd4 Qc7) 21. Nxd4 (21. gxf5 $1 $11 {remains equal.} e5 22. exd4 exd4 23. Nxd4) 21... fxg4 $17 22. Qxg4 Qg5 {[%emt 0:00:57] Dodges Qg8+} 23. Qd1 (23. Qxg5 $17 {might work better.} hxg5 24. Rc1) 23... Qh4 $19 24. Rg4 (24. f3 {was called for.}) 24... Qxh2 (24... Qxf2 25. Nxe6+ Ke8 26. Rg8+ Bf8 27. Ng7+ Ke7 28. Nf5+ (28. Bf5 $2 Rd8 $19) 28... Kf6 29. Rg1 $14) 25. Rf4 Qh1 $2 {[%emt 0:03:58] [#]} (25... Bd6 $19 26. Nf3 (26. Nxe6+ $2 Ke7 $19) 26... Qh5) 26. Nxe6+ Ke8 (26... Kg8 $5 27. Rg4+ Kh8 28. Qxh1 Bxh1 $11) 27. Ng7+ $40 {[%emt 0:00:53][%mdl 128] White is up to no good.} (27. Qxh1 {simplifies} Bxh1 28. Nd4 h5 29. Nf5) 27... Kf8 28. Qxh1 Bxh1 {[%emt 0:00:04] This pair of bishops is nice.} 29. Nf5 Ne5 30. Bc2 a5 (30... h5 $11) 31. Nxh6 $14 Bc6 (31... Rd8 $14) 32. Nb6 $16 Rd8 33. Rf5 {[%emt 0:00:28] Wards off Bg5. White is more active.} ({White has to play} 33. Nc4 $16 Nxc4 34. Rxf7+ (34. bxc4 f6 $16) (34. Rxc4 Bd5 $14) 34... Ke8 35. bxc4) 33... f6 ({Black should try} 33... Rd6 $1 $14 34. Nc8 (34. Rxe5 Rxh6 35. Kc1 Bd8 $11) 34... Rxh6 35. Nxe7 (35. Rxe5 $2 {perishes.} Rh1+ $19) 35... Rh1+ 36. Kb2 a4) 34. f4 Nd3 35. Rxa5 Ne1 36. Nf5 Nxc2 37. Kxc2 Be4+ 38. Kc1 Rd3 39. Nc4 Rc3+ 40. Kd1 Rd3+ 41. Ke1 Rc3 42. Nxe7 Kxe7 43. Ra4 Rc2 $2 (43... f5 44. Rxb4 Rc1+ 45. Ke2 Rc2+ 46. Nd2 Rxa2) 44. a3 $18 ({Less strong is} 44. Rxb4 Rxa2 45. Nd2 Bd3 $18) 44... Bd3 45. Rxb4 Re2+ 46. Kd1 {[%emt 0:00:03] What a bad dream for Black.   Weighted Error Value: White=0.25 (precise) /Black=0.38} 1-0

[Event "35th Roquetas Festival 2024"]
[Site "Roquetas de Mar"]
[Date "2024.01.04"]
[Round "4.12"]
[White "Camacho Collados, Marcos"]
[Black "Romero Calduch, Sergio"]
[Result "0-1"]
[ECO "B13"]
[WhiteElo "2466"]
[BlackElo "2208"]
[Annotator "TA"]
[PlyCount "64"]
[EventDate "2024.01.02"]
[EventType "swiss"]
[EventCountry "ESP"]
[SourceTitle "playchess.com"]
[Source "ChessBase"]
[SourceQuality "1"]
[TimeControl "5400+30"]

1. e4 c6 2. d4 d5 3. exd5 cxd5 4. Bd3 Nc6 5. c3 Qc7 6. h3 g6 {[%emt 0:00:11] now supersedes 6...Nf6.} 7. Qc2 {[%emt 0:00:54] [#] B13: Caro-Kann: Exchange Variation and Panov-Botvinnik Attack.} ({Better is} 7. Ne2 $14) 7... Bf5 $1 8. Bxf5 (8. Ne2 Bxd3) 8... gxf5 {[%emt 0:00:08] [#]} 9. Ne2 $146 {[%emt 0:12:53] White has an edge.} (9. Qxf5 $5 Nxd4 10. Qd3 $11 (10. Bf4 Nxf5 11. Bxc7 h5 $15)) ({Predecessor:} 9. Qxf5 Nxd4 10. Qd3 Nc6 11. Qxd5 Nf6 12. Qc4 Rg8 13. Bf4 Qd7 14. Na3 e5 15. Rd1 {1-0 Feygin,M (2538)-Burg,T (2485) BEL-chT 1213 2012 (1.3)}) 9... e6 10. g4 fxg4 11. hxg4 Nf6 12. f3 O-O-O 13. Bg5 {[%emt 0:05:07] [#]} (13. Bf4 $11 Bd6 14. Bg5) 13... Be7 (13... Nxd4 $1 $17 14. Qd3 Nxe2 15. Qxe2 Bg7) 14. Nd2 {[%emt 0:02:30] [#]} (14. Bh6 $14 {keeps the upper hand.}) 14... h5 ({Black should play} 14... Nxd4 $1 $17 15. Qa4 Nc6) 15. Bf4 $11 Qa5 (15... Nxd4 $2 16. Qd3 Nxf3+ 17. Nxf3 $18) 16. g5 {[%emt 0:01:37] And now b4 would win.} Ne8 17. g6 f6 18. Nb3 (18. b4 $14 Qb6 19. a4) 18... Qa4 19. Qd3 Ng7 20. Bh2 (20. O-O-O $5 ) 20... e5 21. O-O-O $1 Qxa2 22. Kc2 {[%emt 0:01:16] Threatens to win with Ra1.} Qa6 (22... Ba3 $2 23. Rb1 Bxb2 24. Rxb2 $18) 23. Qxa6 bxa6 24. Ra1 Rh6 (24... Nf5 {seems wilder.} 25. Rxa6 Kb7 26. Rha1 Rhg8) 25. dxe5 fxe5 26. Rxa6 (26. Na5 $11 Nxa5 27. Rxa5) 26... Rxg6 $15 27. Ra4 $2 {[%emt 0:09:21] White does not recover from this.} (27. Kd2 $15) 27... Rg2 $19 28. Kd1 Nf5 29. Nbc1 $2 (29. Bg1) 29... d4 {[%emt 0:01:48] White must now prevent ...d3.} 30. cxd4 Ncxd4 31. Bxe5 Nxe2+ 32. Ke1 {[%emt 0:00:04] [#]} Ne3 $1 {[%emt 0:03:08] Weighted Error Value: White=1.01/Black=0.20 (precise)} 0-1

[Event "35th Roquetas Festival 2024"]
[Site "Roquetas de Mar"]
[Date "2024.01.04"]
[Round "4.13"]
[White "Espinosa Aranda, Angel"]
[Black "Valdepenas Octavio, Javier"]
[Result "1-0"]
[ECO "D00"]
[WhiteElo "2431"]
[BlackElo "2228"]
[Annotator "RC"]
[PlyCount "105"]
[EventDate "2024.01.02"]
[EventType "swiss"]
[EventCountry "ESP"]
[SourceTitle "playchess.com"]
[Source "ChessBase"]
[SourceQuality "1"]
[TimeControl "5400+30"]

1. d4 d5 2. Bf4 Nf6 3. e3 e6 4. Nf3 c5 5. Nbd2 Nc6 6. c3 Be7 7. Ne5 O-O 8. Bd3 Nd7 9. h4 cxd4 10. exd4 Ndxe5 11. dxe5 f5 12. Nf3 Bd7 13. h5 Rb8 14. Qe2 Qa5 15. O-O b5 16. a3 h6 17. Rac1 Qb6 18. Kh1 Be8 19. Ng1 Qd8 20. Nh3 Bg5 21. g3 Bxf4 22. Nxf4 Qe7 23. b4 a5 24. Qe3 Bf7 25. Be2 Rfd8 26. Rfd1 Rb7 27. Nd3 d4 28. Qf3 Qe8 29. c4 bxc4 30. Rxc4 Rd5 31. Rdc1 Rb6 32. b5 Ne7 33. a4 Rd8 34. Nf4 Nd5 35. Rxd4 Nxf4 36. Qxf4 Rbb8 37. Rxd8 Rxd8 38. Rd1 Rc8 39. Qh4 Kh7 40. Bf3 Qf8 41. b6 Qc5 42. Qd4 Qc2 43. b7 Rb8 44. Kg2 Qb3 45. Qd7 Be8 46. Qc7 Bxh5 47. Bxh5 Rxb7 48. Qc8 Rb8 49. Qd7 f4 50. gxf4 Rf8 51. Rd3 Qc4 52. Rg3 Qe4+ 53. Bf3 1-0

[Event "35th Roquetas Festival 2024"]
[Site "Roquetas de Mar"]
[Date "2024.01.04"]
[Round "4.14"]
[White "Marin Ferragut, Pau"]
[Black "Bernal Moro, Luis Javier"]
[Result "0-1"]
[ECO "B47"]
[WhiteElo "2178"]
[BlackElo "2370"]
[Annotator "RC"]
[PlyCount "138"]
[EventDate "2024.01.02"]
[EventType "swiss"]
[EventCountry "ESP"]
[SourceTitle "playchess.com"]
[Source "ChessBase"]
[SourceQuality "1"]
[TimeControl "5400+30"]

1. e4 c5 2. Nf3 e6 3. d4 cxd4 4. Nxd4 Nc6 5. Nc3 Qc7 6. g3 a6 7. Bg2 d6 8. O-O Bd7 9. Re1 Be7 10. Nxc6 Bxc6 11. a4 Nf6 12. a5 O-O 13. Be3 Rae8 14. Qe2 Nd7 15. f4 Kh8 16. Qd2 f5 17. exf5 Rxf5 18. Bd4 Bxg2 19. Qxg2 Bf6 20. Bxf6 Nxf6 21. Re2 e5 22. Rae1 Rf8 23. fxe5 dxe5 24. Kh1 h6 25. Nd1 e4 26. Rf2 Qxa5 27. Rxf5 Qxe1+ 28. Rf1 Qb4 29. Nc3 Re8 30. h3 Qxb2 31. Nd1 Qd4 32. Qe2 Rd8 33. Nf2 Qc3 34. Nxe4 Nxe4 35. Qxe4 Qxg3 36. h4 Qh3+ 37. Kg1 Qg3+ 38. Kh1 Qh3+ 39. Kg1 Qd7 40. Kg2 Qc6 41. Qxc6 bxc6 42. Ra1 Rd2+ 43. Kg3 Rxc2 44. Rxa6 Rc5 45. Kg4 h5+ 46. Kf4 Kh7 47. Ra7 Kg6 48. Rc7 Kf6 49. Rc8 Rc4+ 50. Kg3 g5 51. hxg5+ Kxg5 52. Rf8 h4+ 53. Kh3 c5 54. Rf3 Rf4 55. Ra3 c4 56. Ra5+ Kf6 57. Rc5 Ke6 58. Ra5 Kd6 59. Ra8 Kc5 60. Rc8+ Kb4 61. Rb8+ Ka3 62. Ra8+ Kb2 63. Rb8+ Kc2 64. Rc8 c3 65. Rd8 Kb3 66. Rd3 Kb2 67. Rd8 c2 68. Rb8+ Kc3 69. Rc8+ Rc4 0-1

[Event "35th Roquetas Festival 2024"]
[Site "Roquetas de Mar"]
[Date "2024.01.04"]
[Round "4.15"]
[White "Garcia Fernandez, Victor"]
[Black "Serrano Almendros, Alejandro"]
[Result "1-0"]
[ECO "E00"]
[WhiteElo "2366"]
[BlackElo "2206"]
[Annotator "RC"]
[PlyCount "87"]
[EventDate "2024.01.02"]
[EventType "swiss"]
[EventCountry "ESP"]
[SourceTitle "playchess.com"]
[Source "ChessBase"]
[SourceQuality "1"]
[TimeControl "5400+30"]

1. d4 e6 2. c4 Bb4+ 3. Nc3 c5 4. Nf3 cxd4 5. Nxd4 Nf6 6. g3 O-O 7. Bg2 d5 8. cxd5 Nxd5 9. Qb3 Nc6 10. Nxc6 bxc6 11. O-O Qa5 12. Bd2 Bxc3 13. bxc3 Ba6 14. Rfe1 Rab8 15. Qc2 Qa3 16. e4 Nb6 17. Bf4 Rbd8 18. Qb3 Qe7 19. Qb4 c5 20. Qa5 Bd3 21. h4 Nc4 22. Qa4 e5 23. Bg5 Qd7 24. Qxd7 Rxd7 25. Bh3 Rb7 26. Rad1 Bc2 27. Rd5 Rc7 28. Bd8 Rb7 29. Re2 Ba4 30. Rxc5 Rxd8 31. Rxc4 Rb1+ 32. Kh2 Bb5 33. Rd2 Re8 34. Rc7 Re1 35. c4 Ba4 36. Rxa7 Bd1 37. Rdd7 Rf8 38. c5 Bf3 39. Bg2 Be2 40. a4 g6 41. c6 Kg7 42. c7 Rc8 43. Rd8 Bg4 44. Rxc8 1-0

[Event "35th Roquetas Festival 2024"]
[Site "Roquetas de Mar"]
[Date "2024.01.04"]
[Round "4.16"]
[White "Macak, Stefan"]
[Black "Valdats, Reinis"]
[Result "1-0"]
[ECO "B76"]
[WhiteElo "2354"]
[BlackElo "2143"]
[Annotator "RC"]
[PlyCount "115"]
[EventDate "2024.01.02"]
[EventType "swiss"]
[EventCountry "ESP"]
[SourceTitle "playchess.com"]
[Source "ChessBase"]
[SourceQuality "1"]
[TimeControl "5400+30"]

1. e4 c5 2. Nf3 d6 3. d4 cxd4 4. Nxd4 Nf6 5. Nc3 g6 6. Be3 Bg7 7. f3 O-O 8. Qd2 Nc6 9. O-O-O d5 10. exd5 Nxd5 11. Nxc6 bxc6 12. Bd4 Nxc3 13. Qxc3 Bh6+ 14. Be3 Bxe3+ 15. Qxe3 Qb6 16. Qxe7 Be6 17. Qa3 c5 18. c4 Rfd8 19. Be2 Qc7 20. Qe3 Qa5 21. a3 Qa4 22. Qc3 Rac8 23. Rxd8+ Rxd8 24. Qc2 Qa6 25. g3 Bf5 26. Qc3 Re8 27. Re1 h5 28. Bf1 Rd8 29. Rd1 Re8 30. h3 Qa4 31. g4 hxg4 32. hxg4 Be6 33. Bd3 Rd8 34. Qf6 Qxd1+ 35. Kxd1 Rxd3+ 36. Kc2 Bxc4 37. Qf4 Rd4 38. Qb8+ Kh7 39. Qxa7 Be6 40. a4 Rf4 41. Qa8 Rc4+ 42. Kb1 Rb4 43. a5 c4 44. Kc2 Rb5 45. a6 Bd5 46. Qd8 Bxf3 47. a7 Be4+ 48. Kc1 Rb3 49. a8=Q Bxa8 50. Qxa8 c3 51. Qd5 Rxb2 52. Qxf7+ Kh6 53. Qf4+ Kh7 54. g5 Rb7 55. Qh4+ Kg8 56. Qe4 Rg7 57. Qe8+ Kh7 58. Qf8 1-0

[Event "35th Roquetas Festival 2024"]
[Site "Roquetas de Mar"]
[Date "2024.01.04"]
[Round "4.17"]
[White "Rodriguez Lopez, Rafael"]
[Black "Raczek, Krzysztof"]
[Result "1/2-1/2"]
[ECO "B12"]
[WhiteElo "2152"]
[BlackElo "2347"]
[Annotator "RC"]
[PlyCount "93"]
[EventDate "2024.01.02"]
[EventType "swiss"]
[EventCountry "ESP"]
[SourceTitle "playchess.com"]
[Source "ChessBase"]
[SourceQuality "1"]
[TimeControl "5400+30"]

1. e4 c6 2. d4 g6 3. Nf3 d5 4. Nbd2 dxe4 5. Nxe4 Bg7 6. c3 Nf6 7. Nxf6+ exf6 8. Bc4 O-O 9. O-O Nd7 10. Bb3 Re8 11. Re1 Nb6 12. Rxe8+ Qxe8 13. Bd2 a5 14. a4 Be6 15. Bxe6 Qxe6 16. b3 f5 17. Qf1 Nd7 18. Qc4 Nf6 19. Qxe6 fxe6 20. Ng5 Re8 21. Re1 Bh6 22. f3 Nd7 23. Bf4 Bxg5 24. Bxg5 Kf7 25. Kf1 e5 26. dxe5 Rxe5 27. Rxe5 Nxe5 28. Ke2 Ke6 29. Bd8 Nd7 30. Kd3 b6 31. Kd4 Kd6 32. g4 c5+ 33. Ke3 fxg4 34. fxg4 c4 35. b4 Kd5 36. h3 h6 37. h4 axb4 38. cxb4 Ne5 39. Bxb6 c3 40. Bc7 Nxg4+ 41. Kd3 g5 42. hxg5 hxg5 43. Kxc3 Nf6 44. Bb6 Kc6 45. Bg1 Nd5+ 46. Kc4 Nxb4 47. Kd4 1/2-1/2

[Event "35th Roquetas Festival 2024"]
[Site "Roquetas de Mar"]
[Date "2024.01.04"]
[Round "4.18"]
[White "Bravo De La Vega, Alvaro"]
[Black "Luque Saiz, Andres"]
[Result "1-0"]
[ECO "C11"]
[WhiteElo "2121"]
[BlackElo "2328"]
[Annotator "RC"]
[PlyCount "147"]
[EventDate "2024.01.02"]
[EventType "swiss"]
[EventCountry "ESP"]
[SourceTitle "playchess.com"]
[Source "ChessBase"]
[SourceQuality "1"]
[TimeControl "5400+30"]

1. e4 e6 2. d4 d5 3. Nc3 Nf6 4. Bg5 h6 5. Bxf6 Qxf6 6. exd5 Bb4 7. Bb5+ Bd7 8. Bxd7+ Nxd7 9. dxe6 fxe6 10. Nge2 O-O-O 11. O-O Qh4 12. g3 Qf6 13. Ne4 Qf5 14. a3 Ba5 15. Qd3 Ne5 16. Qe3 Nc4 17. Qb3 Qxe4 18. Qxc4 Rd6 19. b4 Bb6 20. c3 g5 21. Rae1 Qf3 22. Nc1 Rc6 23. Re3 Qf6 24. Qe2 h5 25. Re1 Rh6 26. Rf3 Qh8 27. d5 exd5 28. Qe7 Rhf6 29. Rxf6 Rxf6 30. Nd3 Qf8 31. Qxf8+ Rxf8 32. Kg2 g4 33. Nf4 h4 34. Re5 h3+ 35. Kf1 c6 36. Rg5 d4 37. cxd4 Bxd4 38. Rxg4 Bb2 39. a4 a5 40. Nxh3 axb4 41. Rxb4 Ba3 42. Rb3 Bc5 43. Nf4 Bd6 44. Ne6 Re8 45. Ng5 Kc7 46. h4 Ra8 47. h5 Be7 48. Ne6+ Kd6 49. Ng7 Bf6 50. Rxb7 c5 51. Rb6+ Ke7 52. Nf5+ Kf7 53. Rc6 Ra5 54. g4 Bg5 55. f3 Bf4 56. Ke2 Rxa4 57. Rxc5 Ra3 58. Rc4 Bb8 59. Rb4 Ba7 60. h6 Kg6 61. Rb7 Bc5 62. Rg7+ Kf6 63. h7 Ra2+ 64. Kd3 Rh2 65. Rc7 Ba3 66. Ke4 Bb2 67. f4 Kg6 68. Rb7 Ba1 69. Ng3 Rh4 70. Kf3 Rh3 71. f5+ Kg5 72. Rb6 Rxh7 73. Ne4+ Kh4 74. Rb1 1-0

[Event "35th Roquetas Festival 2024"]
[Site "Roquetas de Mar"]
[Date "2024.01.04"]
[Round "4.19"]
[White "Perea Fruet, Lorenzo"]
[Black "Shamatava, Nikolozi"]
[Result "0-1"]
[ECO "C47"]
[WhiteElo "2323"]
[BlackElo "2088"]
[Annotator "RC"]
[PlyCount "74"]
[EventDate "2024.01.02"]
[EventType "swiss"]
[EventCountry "ESP"]
[SourceTitle "playchess.com"]
[Source "ChessBase"]
[SourceQuality "1"]
[TimeControl "5400+30"]

1. e4 e5 2. Nf3 Nc6 3. Nc3 Nf6 4. h3 Bb4 5. Nd5 Nxd5 6. exd5 Nd4 7. Nxd4 exd4 8. c3 O-O 9. Be2 Bd6 10. O-O Qf6 11. c4 Re8 12. Bf3 d3 13. Re1 Be5 14. Be4 d6 15. Bxd3 Bd7 16. Re3 Bd4 17. Rf3 Qe5 18. Qf1 Re7 19. Rb1 Rae8 20. b3 Qg5 21. Re3 Bxe3 22. dxe3 Bxh3 23. e4 Qg6 24. Bb2 f5 25. e5 dxe5 26. c5 Kh8 27. Ba3 Rd7 28. d6 e4 29. Bc4 f4 30. Kh1 Bg4 31. Re1 f3 32. g3 Qh5+ 33. Kg1 Bh3 34. c6 bxc6 35. dxc7 Bxf1 36. Rxe4 Bxc4 37. g4 Rd1+ 0-1